 Dungeon Crawl Stone Soup version 0.22-a0-44-geb883ae (webtiles) character file.

94 KristoblXynda the Chopper (level 4, -2/42 HPs)
             Began as a Naga Chaos Knight on Jan 6, 2018.
             Slain by Terence
             ... wielding a +0 hand axe
              (5 damage)
             ... on level 2 of the Dungeon.
             The game lasted 00:02:30 (1203 turns).

KristoblXynda the Chopper (Naga Chaos Knight)       Turns: 1203, Time: 00:02:31

Health: -2/42      AC:  5    Str: 12 (15) XL:     4   Next: 63%
Magic:  4/4        EV:  9    Int: 11 (13) God:    Xom [..*...]
Gold:   34         SH:  0    Dex:  8 (10) Spells: 3/3 levels left

rFire    . . .     SeeInvis +   a - +0 hand axe (chaos)
rCold    . . .     Gourm    .   (no shield)
rNeg     . . .     Faith    .   b - +2 leather armour
rPois    +         Spirit   .   (no helmet)
rElec    .         Reflect  .   (no cloak)
rCorr    .         Harm     .   (no gloves)
MR       .....                  (no barding)
Stlth    ++........             (no amulet)
HPRegen  0.14/turn              (no ring)
MPRegen  0.09/turn              (no ring)

@: short of breath, very slow
A: large, stinger 1, see invisible, deformed body, deterioration 1, poison
resistance, slowness 2, slow metabolism 1, spit poison 1, AC +1
a: Spit Poison, Renounce Religion


You were on level 2 of the Dungeon.
You worshipped Xom.
You were a toy of Xom.
You were hungry.

You visited 1 branch of the dungeon, and saw 2 of its levels.

You collected 34 gold pieces.

Inventory:

Hand Weapons
 a - a +0 hand axe of chaos (weapon)
Armour
 b - a +2 leather armour (worn)
Scrolls
 d - 2 scrolls of teleportation
 e - 2 scrolls of identify
 h - a scroll of remove curse {unknown}
 i - a scroll of amnesia {unknown}
 k - a scroll of random uselessness {unknown}
 l - a scroll of magic mapping {unknown}
Potions
 g - a potion of magic
 j - a potion of lignification
 m - a potion of heal wounds {unknown}
Comestibles
 c - 2 rations
 f - 2 chunks of flesh


   Skills:
 - Level 3.0 Fighting
 * Level 4.0 Axes
 + Level 2.2 Armour
 + Level 1.6 Dodging
 + Level 2.6 Stealth


You had 3 spell levels left.
You didn't know any spells.

Dungeon Overview and Level Annotations

Branches:
Dungeon (2/15)

Altars:

Annotations:
D:2 Terence


Innate Abilities, Weirdness & Mutations

You cannot wear boots.
Your serpentine skin is tough. (AC +1)
You have supernaturally acute eyesight. (SInv)
Armour fits poorly on your strangely shaped body.
Your system is resistant to poisons. (rPois)
You cover ground very slowly.
You have a slow metabolism.
You can spit poison.
Your tail ends in a poisonous barb.
Your body sometimes deteriorates upon taking damage.


Message History

Terence hits you with a hand axe!
* * * LOW HITPOINT WARNING * * *
You hit Terence. You burn Terence.
Terence is heavily wounded.
Terence hits you with a hand axe.
* * * LOW HITPOINT WARNING * * *
Terence hits you with a hand axe.
* * * LOW HITPOINT WARNING * * *
Unknown command.
Terence hits you but does no damage.
Unknown command.
Press: ? - help, Shift-Dir - straight line The splash of poison hits Terence.
Terence is heavily wounded.
You feel slightly more hungry. Terence hits you but does no damage.
You barely miss Terence.
Terence is heavily wounded.
You are feeling hungry.
Terence closely misses you. Terence hits you with a hand axe.
You die...

..........##....†.....#..#.##
................##...........
..........#.....##.......)...
..............<.##...........
........##.......#......##...
........####.....#......# ###
........# #......#.......
###########....###.....##
#....@..##....##
........#@.##.##.
...##.###.....##. .. ...
#.#...... ?...# #.##..##.
...# ... ..# ##. #.. ## ..#
.##


You could see Terence (berserk).

Vanquished Creatures
  2 adders (D:2)
  2 gnolls (D:2)
  An ooze (D:1)
  3 dart slugs (D:1)
  A leopard gecko (D:2)
  2 goblins (D:1)
  2 hobgoblins (D:1)
  8 jackals
  6 bats
  6 frilled lizards
  2 kobolds
  A rat (D:1)
36 creatures vanquished.

Vanquished Creatures (collateral kills)
  2 gnolls (D:2)
  A bat (D:2)
3 creatures vanquished.

Grand Total: 39 creatures vanquished

Notes
Turn   | Place    | Note
-------+----------+-------------------------------------------
     0 | D:1      | KristoblXynda the Naga Chaos Knight began the quest for the Orb.
     0 | D:1      | Reached XP level 1. HP: 21/21 MP: 1/1
    52 | D:1      | Reached skill level 1 in Dodging
    52 | D:1      | Reached skill level 1 in Stealth
    52 | D:1      | Reached XP level 2. HP: 9/28 MP: 2/2
   296 | D:1      | XOM: divination: detect items
   297 | D:1      | XOM: divination: detect creatures
   485 | D:1      | Reached XP level 3. HP: 34/34 MP: 3/3
   838 | D:1      | XOM: noise
  1040 | D:2      | XOM: cloud trail
  1066 | D:2      | Reached XP level 4. HP: 16/42 MP: 4/4
  1078 | D:2      | Gained mutation: Your body sometimes deteriorates upon taking damage. [potion of mutation]
  1078 | D:2      | Gained mutation: Your tail ends in a poisonous barb. [potion of mutation]
  1082 | D:2      | XOM: summons friendly white imp
  1161 | D:2      | Reached skill level 4 in Axes
  1192 | D:2      | Noticed Terence
  1200 | D:2      | HP: 2/42 [Terence/hand axe (3)]
  1203 | D:2      | Slain by Terence

Vault maps used:
D:1:      dpeg_arrival_lava_temple_mockup, hangedman_decor_growths,
          minmay_misc_feat_enclosed, kennysheep_minor_cross
D:2:      uniq_terence

Skill      XL: |  1  2  3  4 |
---------------+-------------+-----
Dodging        | 1 |  1.6
Stealth        | 1 2 |  2.6
Armour         | 2 |  2.2
Axes           | 4 |  4.0
Fighting       | |  3.0

Action                   |  1- 3 |  4- 6 || total
-------------------------+-------+-------++-------
Melee: Hand axe          |    60 |    21 ||    81
       Tailslap          |       |     1 ||     1
 Abil: Spit Poison       |     1 |     1 ||     2
  Use: Scroll            |     2 |       ||     2
       Potion            |       |     3 ||     3
 Stab: Sleeping          |     2 |       ||     2
Armor: Leather armour    |    42 |     5 ||    47
       Skin              |       |    41 ||    41
Dodge: Dodged            |    62 |     6 ||    68

Table legend:
 A = Spawn XP
 B = Non-spawn XP
 C = Spawn XP percentage of total XP
 D = Spawn monster count
 E = Non-spawn monster count
 F = Spawn count percentage of total count
 G = Total turns spent on level
                    A         B        C        D         E        F      G
               +---------+---------+-------+---------+---------+-------+---------
         Total |       0 |     135 |   0.0 |       0 |      39 |   0.0 |  1203
               +---------+---------+-------+---------+---------+-------+---------
           D:1 |       0 |      47 |   0.0 |       0 |      23 |   0.0 |  1031
           D:2 |       0 |      88 |   0.0 |       0 |      16 |   0.0 |   172
               +---------+---------+-------+---------+---------+-------+---------
